 Dungeon Crawl Stone Soup version 0.26.0-16-gc1dbca0489 (webtiles) character file.

Game seed: 14384819151154820230

5101 zcampers the Basher (level 10, -16/88 HPs)
             Began as a Minotaur Berserker on Jan 20, 2021.
             Was an Elder of Trog.
             Demolished by a death yak (19 damage)
             ... on level 9 of the Dungeon.
             The game lasted 00:20:21 (9266 turns).

zcampers the Basher (Minotaur Berserker)            Turns: 9266, Time: 00:20:22

Health: -16/88     AC: 14    Str: 22    XL:     10   Next: 32%
Magic:  9/9        EV:  8    Int:  6    God:    Trog [****..]
Gold:   225        SH: 12    Dex: 11    Spells: 9/9 levels left

rFire    + + .     SeeInvis .   y - +2 mace (drain)
rCold    + . .     Faith    .   r - +2 kite shield
rNeg     . . .     Spirit   .   k - +2 chain mail {rPois}
rPois    +         Reflect  .   (helmet restricted)
rElec    .         Harm     .   f - scarf {rC+ rF+}
rCorr    .         Rampage  .   b - +0 pair of gloves
Will     +....                  (no boots)
Stlth    ..........             (no amulet)
HPRegen  0.24/turn              p - ring of willpower (curse)
MPRegen  0.11/turn              i - ring of protection from fire

@: berserk cooldown, slowed, very slow
A: retaliatory headbutt, horns 2
a: Renounce Religion, Berserk, Trog's Hand, Brothers in Arms


You were on level 9 of the Dungeon.
You worshipped Trog.
Trog was greatly pleased with you.
You visited 1 branch of the dungeon, and saw 9 of its levels.

You collected 481 gold pieces.
You spent 256 gold pieces at shops.

Inventory:

Hand Weapons
 y - a +2 mace of draining (weapon)
Missiles
 q - 50 poisoned darts (quivered)
Armour
 b - a +0 pair of gloves (worn)
 f - a scarf of resistance (worn)
 k - a +2 chain mail of poison resistance (worn)
 r - a +2 kite shield (worn)
Jewellery
 g - an uncursed ring of poison resistance
 i - a ring of protection from fire (right hand)
 p - a cursed ring of willpower (left hand)
Wands
 a - a wand of paralysis (15)
 d - a wand of polymorph (10)
 o - a wand of enslavement (14)
 s - a wand of disintegration (15)
 t - a wand of acid (10)
Scrolls
 c - 13 scrolls of identify
 j - 4 scrolls of remove curse
 n - 2 scrolls of magic mapping
 u - a scroll of teleportation
 w - a scroll of vulnerability {unknown}
Potions
 e - 7 potions of curing
 h - a potion of cancellation
 l - a potion of attraction
 m - 2 potions of haste


   Skills:
 + Level 8.3 Fighting
 + Level 11.7 Maces & Flails
 + Level 0.2 Throwing
 + Level 9.2 Armour
 + Level 4.2 Dodging
 + Level 1.6 Stealth
 + Level 6.7 Shields
 + Level 0.2 Evocations


You had 9 spell levels left.
You didn't know any spells.
Your spell library was empty.

Dungeon Overview and Level Annotations

Branches:
Dungeon (9/15)             Temple (0/1) D:6            Lair (0/6) D:9
    Orc: D:9-12

Altars:
Dithmenos
Elyvilon
Fedhas
Gozag
Makhleb
Okawaru
Qazlal

Shops:
D:7 *


Innate Abilities, Weirdness & Mutations

You reflexively headbutt those who attack you in melee.
You have a pair of horns on your head.


Message History

The death yak gores you but does no damage.
You sock the death yak!
The death yak is heavily wounded.
You sock the death yak!
The death yak is severely wounded.
The death yak gores you!
* * * LOW HITPOINT WARNING * * *
The death yak closely misses you. You furiously retaliate!
You headbutt the death yak.
You feel a strong urge to attack something.
You are no longer berserk.
You are exhausted.
You feel yourself slow down. You block the death yak's attack. x2
Items here: )) [ †.
You hit the death yak but do no damage. You drain the death yak.
The death yak is severely wounded.
You block the death yak's attack.
The death yak gores you but does no damage.
The death yak gores you!!
You die...

............... ................
.#######..##### #...............
.# #..# #..######....###
.#######..########..######.#.....
..................#..##..........
#######..#########.............##
#..# #.....#.......#
#######..#########g.............#
............(...@Y#.....>.Y......
..P#####..#######Yg..............
PPP.####..########g..........#.##
._PP...........................##
PPPP...........................Y(
PP.........#######..#..#########.
...........# #..#.##########.
...........##### #..... .........
.................................


You could see 2 death yaks and 3 gnolls.

Vanquished Creatures
  A death yak (D:9)
  Pikel (D:7)
  An ugly thing (D:8)
  A deep elf mage (D:9)
  Prince Ribbit (D:6)
  A hornet (D:9)
  Sigmund (D:6)
  Duvessa (D:5)
  2 orc warriors
  An ice beast (D:9)
  A black bear (D:8)
  A necrophage (D:8)
  3 ogres
  4 centaurs
  2 bullfrogs (D:9)
  2 big kobolds
  A wyvern skeleton (D:9)
  A water moccasin skeleton (D:7)
  A scorpion (D:8)
  Dowan (D:5)
  A wight (D:7)
  2 bullfrog zombies (D:8)
  A centaur zombie (D:6)
  Crazy Yiuf (D:2)
  6 hounds
  A gnoll shaman (D:9)
  5 orc priests
  5 orc wizards
  An iguana (D:4)
  Terence (D:2)
  A hell rat (D:9)
  3 worker ants (D:4)
  A hound zombie (D:6)
  6 adders
  6 gnolls
  2 shadow imps
  A white imp (D:8)
  2 ufetubi
  An adder zombie (D:5)
  2 worms
  4 dart slugs
  8 leopard geckos
  32 orcs
  11 bats
  4 giant cockroaches
  17 goblins
  11 hobgoblins
  8 jackals
  4 quokkas
  2 ball pythons (D:3)
  4 frilled lizards
  14 kobolds
  A leopard gecko skeleton (D:6)
  A quokka skeleton (D:5)
  11 rats
209 creatures vanquished.

Vanquished Creatures (collateral kills)
  3 wights (D:7)
  An iguana (D:7)
  A gnoll (D:9)
  2 orcs (D:9)
7 creatures vanquished.

Vanquished Creatures (others)
  An orc priest (D:7)
  A gnoll (D:8)
2 creatures vanquished.

Grand Total: 218 creatures vanquished

Notes
Turn   | Place    | Note
-------+----------+-------------------------------------------
     0 | D:1      | zcampers the Minotaur Berserker began the quest for the
                  | Orb.
     0 | D:1      | Reached XP level 1. HP: 19/19 MP: 0/0
   177 | D:1      | Reached XP level 2. HP: 27/27 MP: 1/1
   205 | D:1      | Reached skill level 4 in Maces & Flails
   708 | D:1      | Reached XP level 3. HP: 33/33 MP: 2/2
   900 | D:2      | Noticed Terence
   906 | D:2      | Killed Terence
   964 | D:2      | Reached ** piety under Trog
   984 | D:2      | Reached XP level 4. HP: 41/41 MP: 1/3
  1113 | D:2      | Found a shadowy altar of Dithmenos.
  1213 | D:2      | Found a runed translucent door.
  1214 | D:2      | Noticed Crazy Yiuf
  1224 | D:2      | Killed Crazy Yiuf
  1225 | D:2      | Reached skill level 5 in Maces & Flails
  1592 | D:3      | Noticed an ogre
  1607 | D:3      | Killed an ogre
  1608 | D:3      | Reached skill level 6 in Maces & Flails
  1608 | D:3      | Reached XP level 5. HP: 47/47 MP: 1/4
  2046 | D:4      | Reached skill level 5 in Fighting
  2089 | D:4      | Reached XP level 6. HP: 56/56 MP: 1/5
  2143 | D:4      | Reached *** piety under Trog
  2243 | D:4      | Reached skill level 7 in Maces & Flails
  2963 | D:5      | Entered Level 5 of the Dungeon
  3082 | D:5      | Reached XP level 7. HP: 57/61 MP: 2/6
  3382 | D:5      | Reached skill level 8 in Maces & Flails
  3488 | D:5      | Noticed Duvessa
  3488 | D:5      | Noticed Dowan
  3493 | D:5      | Killed Dowan
  3500 | D:5      | Killed Duvessa
  3556 | D:5      | Reached skill level 5 in Armour
  3907 | D:6      | Noticed Prince Ribbit
  3923 | D:6      | Killed Prince Ribbit
  3924 | D:6      | Reached XP level 8. HP: 15/71 MP: 2/7
  4374 | D:6      | Found an opulent altar of Gozag.
  4456 | D:6      | Found a staircase to the Ecumenical Temple.
  4517 | D:6      | Found an iron altar of Okawaru.
  4528 | D:6      | Reached **** piety under Trog
  4529 | D:6      | Reached skill level 9 in Maces & Flails
  4842 | D:6      | Noticed Sigmund
  4861 | D:6      | Killed Sigmund
  5229 | D:7      | Reached skill level 1 in Stealth
  5233 | D:7      | Reached skill level 1 in Shields
  5276 | D:7      | Noticed Pikel
  5289 | D:7      | Killed Pikel
  5290 | D:7      | Reached skill level 10 in Maces & Flails
  5290 | D:7      | Reached XP level 9. HP: 67/78 MP: 2/8
  5362 | D:7      | Found Ruciwn's Assorted Antiques.
  5426 | D:7      | Bought a scroll of identify for 64 gold pieces
  5426 | D:7      | Bought a scroll of teleportation for 96 gold pieces
  5426 | D:7      | Bought a wand of enslavement (9) for 64 gold pieces
  5426 | D:7      | Bought a scroll labelled NINKEB KUOQ for 32 gold pieces
  5499 | D:7      | Found a burning altar of Makhleb.
  5520 | D:7      | You fall into a shaft and drop 1 floor!
  6751 | D:7      | Reached skill level 11 in Maces & Flails
  6846 | D:7      | Reached skill level 5 in Shields
  7353 | D:8      | Noticed a red ugly thing
  7369 | D:8      | Killed a red ugly thing
  7810 | D:8      | Found a white marble altar of Elyvilon.
  7953 | D:9      | Reached ***** piety under Trog
  8196 | D:9      | Reached XP level 10. HP: 88/88 MP: 9/9
  8267 | D:9      | Found a stormy altar of Qazlal.
  8271 | D:9      | Found a blossoming altar of Fedhas.
  8277 | D:9      | Noticed a deep elf mage
  8280 | D:9      | Noticed a rust devil
  8307 | D:9      | Noticed a soul eater
  8315 | D:9      | Killed a deep elf mage
  8638 | D:9      | Noticed a death yak
  8638 | D:9      | Noticed a death yak
  8640 | D:9      | Found a staircase to the Lair.
  8642 | D:9      | Noticed a death yak
  9244 | D:9      | Identified the +7 dagger of Heil {freeze, *Slow rF- rN+++
                  | SInv Stlth+}
  9255 | D:9      | Killed a death yak
  9263 | D:9      | HP: 4/132 [death yak (7)]
  9266 | D:9      | Demolished by a death yak

Illustrated notes

Levels and vault maps discovered:
D:1:      psy_arrival_dodecagon, layout_basic, serial_co_window_serial,
          co_window_paths_a, co_window_corner_a, co_window_paths_a,
          co_window_paths_a, co_window_of_opportunity_a, co_window_corner_cb,
          co_window_broadway_a, co_window_of_opportunity_b, co_window_corner_cb,
          glass_columns_b, glass_columns_a, glass_columns_a, glass_columns_a
D:2:      layout_basic, nicolae_dithmenos_through_a_glass_darkly,
          uniq_crazy_yiuf_cottage, uniq_terence
D:3:      layout_basic, minmay_ogre_servants
D:4:      layout_loops_ring, corexii_item_surrounded_by_moat
D:5:      layout_layer_cave, uniq_duvessa
D:6:      layout_cave_pods, okawaru_trees_2, minmay_temple_entry_purple_smoke,
          basic_altar, uniq_sigmund, uniq_prince_ribbit1
D:7:      layout_rooms, general_overflow_altar, serial_shops, shop_fountains,
          dk_noncrumbling_3, uniq_pikel
D:8:      minmay_distorted_concentric_squares, layout_basic, lemuel_round_altar
D:9:      layout_long_grid, grunt_temple_overflow_forces_of_nature,
          dpeg_lair_monsters

Skill      XL: |  1  2  3  4  5  6  7  8  9 10 |
---------------+-------------------------------+-----
Fighting       | 4 5 6 8 |  8.3
Maces & Flails | 4 6 7 8 10 11 | 11.7
Armour         | 3 4 5 7 8 9 |  9.2
Dodging        | 3 4 |  4.2
Stealth        | 1 |  1.6
Shields        | 3 6 |  6.7
Throwing       | |  0.2
Evocations     | |  0.2

Action                   |  1- 3 |  4- 6 |  7- 9 | 10-12 || total
-------------------------+-------+-------+-------+-------++-------
Melee: Mace              |    66 |   142 |   318 |   102 ||   628
       Headbutt          |     9 |    20 |    67 |    30 ||   126
Throw: Dart              |       |       |     1 |       ||     1
Invok: Berserk           |     1 |     1 |     2 |     3 ||     7
       Brothers in Arms  |       |       |     2 |     1 ||     3
Evoke: Wand              |       |       |     4 |       ||     4
  Use: Scroll            |     4 |     7 |     3 |     2 ||    16
       Potion            |       |     3 |     2 |     1 ||     6
Armor: Chain mail        |    55 |   108 |   144 |    24 ||   331
       Plate armour      |       |       |    23 |     9 ||    32
Dodge: Dodged            |    52 |    59 |   104 |    16 ||   231
Block: Kite shield       |       |       |   174 |    48 ||   222
